 Dungeon Crawl Stone Soup version 0.28-a0-1159-g27aa881441 (webtiles) character file.

Game seed: 7433747273867849241

55 Froggeryz the Sneak (level 3, -4/31 HPs)
             Began as a Ghoul Delver on Dec 15, 2021.
             Slain by an ogre (20 damage)
             ... on level 2 of the Dungeon.
             The game lasted 00:02:05 (1409 turns).

Froggeryz the Sneak (Ghoul Delver)                  Turns: 1409, Time: 00:02:05

Health: -4/31      AC:  7    Str: 17    XL:     3   Next: 93%
Magic:  2/2        EV:  9    Int:  5    God:
Gold:   20         SH:  0    Dex: 10    Spells: 2/2 levels left

rFire   . . .      SeeInvis .     - Unarmed
rCold   + . .      Faith    .   (no shield)
rNeg    + + +      Spirit   .   h - +0 scale mail
rPois   ∞          Reflect  .   o - +0 helmet
rElec   .          Harm     .   (no cloak)
rCorr   .          Rampage  .   (no gloves)
Will    .....                   (no boots)
Stlth   +.........              (no amulet)
HPRegen 0.00/turn               (no ring)
MPRegen 0.08/turn               (no ring)

@: inhibited regen
A: claws 1, cold resistance 1, negative energy resistance 3, inhibited
regeneration, torment resistance 2
a: no special abilities


You were on level 2 of the Dungeon.
You visited 1 branch of the dungeon, and saw 5 of its levels.

You collected 20 gold pieces.

Inventory:

Missiles
 a - 5 poisoned darts (quivered)
Armour
 h - a +0 scale mail (worn)
 o - a +0 helmet (worn)
Jewellery
 p - a ring of fire
Wands
 f - a wand of digging (3)
Scrolls
 b - a scroll of fog
 c - a scroll of magic mapping
 d - a scroll of fear
 k - 2 scrolls of teleportation {unknown}
 n - a scroll of blinking {unknown}
 q - a scroll of amnesia {unknown}
Potions
 e - 2 potions of haste
 g - a potion of mutation {unknown}
 i - a potion of curing {unknown}
 j - a potion of lignification {unknown}
 l - a potion of brilliance {unknown}
 m - 2 potions of cancellation {unknown}


   Skills:
 - Level 3.2 Fighting
 + Level 1.5 Armour
 - Level 1.7 Dodging
 - Level 5.4 Stealth
 * Level 3.9 Unarmed Combat


You had 2 spell levels left.
You didn't know any spells.
Your spell library contained the following spells:

 Spells                   Type           Power      Damage    Failure   Level
 Irradiate                Conj/Tmut      0%         3d13      100%        5
 Blade Hands              Tmut           Unusable   N/A       N/A         5
 Dragon Form              Tmut           Unusable   N/A       N/A         7

Dungeon Overview and Level Annotations

Branches:
Dungeon (5/15)             Temple (0/1) D:5

Altars:


Innate Abilities, Weirdness & Mutations

You thrive by killing the living.
You are immune to poison.
You have sharp fingernails.
Your flesh is cold resistant. (rC+)
You are immune to negative energy. (rN+++)
You do not regenerate when monsters are visible.
You are immune to unholy pain and torment.


Message History

Press: ? - help, Q - select action Shift-Dir - straight line, f/p - ogre
Aim: an ogre, wielding a +0 giant spiked club (lightly wounded, poisoned, 72% to hit)
You throw a poisoned dart.
The poisoned dart barely misses the ogre.
Throw: 8 darts (poison)
Press: ? - help, Q - select action Shift-Dir - straight line, f/p - ogre
Aim: an ogre, wielding a +0 giant spiked club (lightly wounded, poisoned, 72% to hit)
You throw a poisoned dart. The poisoned dart hits the ogre.
The ogre looks even sicker.
The ogre is lightly wounded.
Throw: 7 darts (poison)
Press: ? - help, Q - select action Shift-Dir - straight line, f/p - ogre
Aim: an ogre, wielding a +0 giant spiked club (lightly wounded, very poisoned, 72% to hit)
You throw a poisoned dart. The poisoned dart hits the ogre.
The ogre is lightly wounded.
The ogre barely misses you.
A rat comes into view.
The ogre looks more healthy.
The rat bites you but does no damage. The rat bites you.
The rat bites you but does no damage.
The rat twitches its whiskers.
You barely miss the rat. You scratch the rat but do no damage.
The rat bites you but does no damage.
You scratch the rat.
You kill the rat!
Throw: 6 darts (poison)
Press: ? - help, Q - select action Shift-Dir - straight line, f/p - ogre
Aim: an ogre, wielding a +0 giant spiked club (heavily wounded, 72% to hit)
You throw a poisoned dart. The poisoned dart hits the ogre.
The ogre is poisoned.
The ogre is heavily wounded.
The ogre hits you with a +0 giant spiked club!
There is a stone staircase leading down here.
The ogre looks more healthy.
You scratch the ogre.
The ogre is severely wounded.
The ogre hits you with a +0 giant spiked club!!
Ouch! That really hurt!
You die...

'.............###.#
#...#.....###..##.#
#...#.....# ##.##.#
#####.....# #.##.#
#.....# #..#.#
#.....# ##.#.#
#..)..# #...#
#.....# ##..#
####### #@.# #O.#
#..# #..# #..# #..#
#..# #..# #########
##>#


You could see an ogre.

Vanquished Creatures
  A gnoll (D:1)
  A worm (D:2)
  A dart slug (D:1)
  3 bats
  8 endoplasms
  2 giant cockroaches (D:2)
  5 goblins
  2 hobgoblins (D:1)
  2 jackals
  A quokka (D:1)
  A ball python (D:2)
  2 frilled lizards (D:2)
  4 kobolds
  3 rats
36 creatures vanquished.

Notes
Turn   | Place    | Note
-------+----------+-------------------------------------------
     0 | D:5      | Froggeryz the Ghoul Delver began the quest for the Orb.
     0 | D:5      | Reached XP level 1. HP: 19/19 MP: 0/0
     5 | D:5      | Found a staircase to the Ecumenical Temple.
     5 | D:5      | Noticed a yak
     5 | D:5      | Noticed a yak
     5 | D:5      | Noticed a yak
   361 | D:2      | Reached XP level 2. HP: 20/26 MP: 1/1
   635 | D:2      | Reached skill level 1 in Armour
   652 | D:2      | Noticed an ogre
   745 | D:1      | Reached XP level 3. HP: 26/31 MP: 2/2
  1409 | D:2      | Slain by an ogre

Illustrated notes

Levels and vault maps discovered:
D:1:      tarquinn_simple_flora_water_e, layout_rooms
D:2:      layout_basic
D:3:      layout_loops_ring, st_stairs_7, uniq_grinder
D:4:      layout_cave_pools, minmay_fractal_squares_diagonal_5, uniq_eustachio
D:5:      layout_gridville, minmay_temple_entry_overgrown

Skill      XL: |  1  2 |
---------------+-------+-----
Unarmed Combat | 3 |  3.9
Armour         | 1 |  1.5
Fighting       | |  3.2
Dodging        | |  1.7
Stealth        | |  5.4

Action                   || total
-------------------------++-------
Melee: Unarmed           ||   118
       Punch             ||     3
Throw: Dart              ||     6
 Stab: Distracted        ||     1
       Sleeping          ||     2
Armor: Scale mail        ||    70
       Leather armour    ||     3
Dodge: Dodged            ||    68

Table legend: (Time is in decaauts)
 A = Elapsed time spent in this place.
 B = Non-inter-level travel time spent in this place.
 C = Inter-level travel time spent in this place.
 D = Time resting spent in this place.
 E = Time spent auto-exploring this place.
 F = Levels seen in this place.
 G = Mean time per level.
                   A        B        C        D        E       F      G
               +--------+--------+--------+--------+--------+-----+--------+
         Total |   1402 |   1347 |     55 |    208 |    694 |   5 |  280.4 |
       Dungeon |   1402 |   1347 |     55 |    208 |    694 |   5 |  280.4 |
               +--------+--------+--------+--------+--------+-----+--------+

Top non-repeatable levels by time:
     D:1: 618 daAuts
     D:2: 439 daAuts
     D:3: 324 daAuts
     D:5: 15 daAuts
     D:4: 4 daAuts
